AoeStats
← VaporingCat7235

Arabia

510257305Analyzed
1v1 RM · 1d ago on Sep 30, 2026· 26m 56s· 2 players
Game mode
Random Map
Map size
Tiny (2 player)
Population
200
Speed
Normal
Resources
Standard
Victory
Conquest
Starting age
Dark Age
Ending age
Imperial Age
RankedLock teamsTeams togetherTeam positionsShared explorationLock speedFull tech treeHidden civsTurbo modeCheats
Victory
Defeat
🇺🇸 Magyars · United States
602
+19
🇪🇸 Franks · Spain
661
-43
Nozdromu
11:53 Feudal Age
12:29 Double-Bit Axe
14:47 Horse Collar
19:42 Castle Age
19:18 Scale Barding Armor
19:16 Gold Mining
19:50 Pikeman
22:24 Thumb Ring
23:33 Bow Saw
24:03 Wheelbarrow
23:14 Loom
23:43 Fletching
24:01 Padded Archer Armor
24:18 Husbandry
24:34 Bloodlines
26:55 Ballistics
VaporingCat7235
9:18 Loom
12:19 Feudal Age
20:27 Wheelbarrow
25:36 Castle Age
24:34 Scale Barding Armor
24:34 Double-Bit Axe
Connection lost

Rejoining the realm…

Still unreachable

The connection could not be restored.

Session expired

The server has moved on; the page needs a fresh start.